 Dungeon Crawl Stone Soup version 0.16.0-17-g811c1d7 (webtiles) character file.

366921 Zapata the Acrobat (level 23, -2/164 HPs)
             Began as a Kobold Berserker on Mar 20, 2015.
             Was a Priest of the Shining One.
             Slain by a deep troll (30 damage)
             ... created by the rage of Trog
             ... on level 1 of the Crypt on Mar 21, 2015.
             The game lasted 02:18:51 (60855 turns).

Zapata the Acrobat (Kobold Berserker)              Turns: 60855, Time: 02:18:51

Health: -2/164     AC: 19    Str: 20    XL:     23   Next: 62%
Magic:  31/31      EV: 37    Int:  5    God:    the Shining One [***...]
Gold:   1256       SH: 10    Dex: 24    Spells: 0 memorised, 22 levels left

rFire  + . .     SeeInvis +     a - +6 morningstar (holy)
rCold  . . .     Clarity  .     m - +2 ring mail of the Hills {rCorr Str+3}
rNeg   + . .     SustAb   .     r - +2 buckler {rF+}
rPois  .         Gourm    .     K - +0 helmet {SInv}
rElec  .         Spirit   .     C - +2 cloak {+Inv}
rCorr  +         Warding  .     O - +1 pair of gloves
rMut   .         Stasis   .     L - +0 pair of boots (curse)
MR     ++...                    D - amulet of rage
Stlth  ++........               t - +2 ring of slaying
                                g - ring of protection from magic (curse)

@: exhausted, about to teleport, glowing, very resistant to hostile
enchantments, unstealthy
A: carnivore 3
a: Divine Shield, Renounce Religion, Evoke Berserk Rage, Evoke Invisibility
}: 2/15 runes: decaying, serpentine


You were on level 1 of the Crypt.
You worshipped the Shining One.
The Shining One was most pleased with you.
You were full.

You visited 8 branches of the dungeon, and saw 44 of its levels.
You visited 1 bazaar.
You also visited: Ice Cave.

You collected 4873 gold pieces.
You spent 3617 gold pieces at shops.

Inventory:

Hand weapons
 a - a +6 morningstar of holy wrath (weapon)
 b - a +6 hand crossbow of freezing
Missiles
 l - 744 bolts
 n - 31 silver bolts
 U - 43 steel bolts
 X - 61 bolts of penetration
Armour
 m - the +2 ring mail of the Hills (worn) {rCorr Str+3}
   (You found it on level 8 of the Dungeon)

   It affects your strength (+3).
   It protects you from acid and corrosion.
 r - a +2 buckler of fire resistance (worn)
 C - a +2 cloak of invisibility (worn)
 K - a +0 helmet of see invisible (worn)
 L - a cursed +0 pair of boots (worn)
 O - a +1 pair of gloves (worn)
 Q - a +0 buckler of protection
Jewellery
 f - an uncursed ring of protection from cold
 g - a cursed ring of protection from magic (left hand)
 k - an uncursed ring of poison resistance
 t - a +2 ring of slaying (right hand)
 D - an amulet of rage (around neck)
 E - an uncursed ring of flight
 S - a cursed ring of protection from fire
Magical devices
 N - a wand of teleportation (7)
 P - a wand of hasting (5)
Scrolls
 d - 6 scrolls of magic mapping
 e - 6 scrolls of teleportation
 o - a scroll of blinking
 q - 2 scrolls of summoning
 x - 10 scrolls of remove curse
 y - 3 scrolls of fear
 I - 5 scrolls of identify
 J - 7 scrolls of recharging
 W - 2 scrolls of fog
Potions
 h - 14 potions of curing
 i - 4 potions of agility
 j - 10 potions of restore abilities
 s - 6 potions of magic
 u - 3 potions of haste
 v - 5 potions of cancellation
 w - 6 potions of might
 A - 3 potions of flight
 M - 10 potions of heal wounds
 R - a potion of berserk rage
 V - a potion of resistance
Comestibles
 c - 18 meat rations
 G - 8 beef jerkies


   Skills:
 - Level 22.9 Fighting
 + Level 15.0 Maces & Flails
 - Level 8.0 Crossbows
 - Level 12.8 Armour
 - Level 24.3 Dodging
 - Level 5.1 Stealth
 - Level 7.0 Shields
 + Level 0.0 Invocations
 - Level 7.0 Evocations


You had 22 spell levels left.
You didn't know any spells.

Dungeon Overview and Level Annotations

Branches:
Dungeon (15/15)            Temple (0/1) D:4            Lair (8/8) D:9
  Swamp (5/5) Lair:6        Snake (5/5) Lair:4          Orc (4/4) D:9
    Elf (3/3) Orc:3        Vaults (3/5) D:14          Crypt (1/3) Vaults:3
 Depths (0/5) D:15
  Slime: Lair:6-8

Altars:
Dithmenos
Fedhas
Gozag
Kikubaaqudgha
Qazlal
Sif Muna
Vehumet
The Shining One
Beogh

Shops:
D:4 }   D:14 *   Orc:1 }   Orc:4 [*(=   Elf:1 ((:   Snake:1 *   Snake:2 *
Snake:5 *

Annotations:
Lair:8 exclusion: 4 oklob plants


Innate Abilities, Weirdness & Mutations

You are small and have problems with some larger weapons.
You are carnivorous and can eat meat at any time.


Message History

Read which item? (? for menu, Esc to quit)
As you read the scroll of teleportation, it crumbles to dust.
You feel strangely unstable. The deep troll completely misses you.
The deep troll claws you. You block the deep troll's attack.
The ogre completely misses you. The deep troll completely misses you.
You block the deep troll's attack. The deep troll misses you.
The hill giant rages.
The deep troll misses you. The deep troll barely misses you.
The deep troll misses you. The deep troll completely misses you.
You block the deep troll's attack. The deep troll completely misses you.
The hill giant hits you with a giant club!!
Huge Dmg: -18%(-29hp) hp: 33%(54hp)
The ogre rages.
The ogre completely misses you.
The deep troll rages.
The deep troll bites you!!
* * * LOW HITPOINT WARNING * * *
You block the deep troll's attack. The deep troll completely misses you.
The deep troll bites you!!
You die...

........#.....#))...........
........#.)...#/............
.........#.....')...........
.........#'#####!...........
............................
........................^..
............CC.........###
##........WTCO........#
#.........@T.........#
#........##'####.....#
#........#.....#.....#
........#...รท.'.....#
.......'.....#.....#
......#.....#.....#
.....#######.....#
................###+#
...................


You could see a stone giant (berserk), 2 hill giants, 2 deep trolls, a freezing
wraith and an ogre (berserk).

Vanquished Creatures
  Khufu (Crypt:1)
  Sojobo (Crypt:1)
  the Lernaean hydra (Swamp:5)
  Margery (Vaults:2)
  Norris (Snake:5)
  Saint Roka (Swamp:2)
  Mara (Swamp:3)
  Nikola (Elf:1)
  Vashnia (Snake:2)
  Asterion (Snake:1)
  3 thorn hunters
  Rupert (Snake:2)
  Agnes (Snake:2)
  Kirke (Snake:1)
  2 tengu reavers (Crypt:1)
  A storm dragon (Vaults:3)
  Roxanne (Elf:2)
  2 frost giants (Vaults:3)
  8 greater nagas
  5 vault wardens
  Donald (Vaults:2)
  A deep elf sorcerer (Vaults:1)
  Aizul (Snake:1)
  Louise (Swamp:2)
  6 ghouls (Crypt:1)
  An orc warlord (Orc:3)
  7 ironheart preservers
  5 stone giants
  A vampire knight (Vaults:3)
  A deep elf demonologist (Elf:1)
  2 deep elf annihilators
  5 dire elephants (Lair:8)
  Snorg (Lair:7)
  3 jiangshi
  A deep elf death mage (Vaults:3)
  7 vault guards
  5 fire dragons
  A deep elf high priest (Elf:1)
  A quicksilver dragon skeleton (Crypt:1)
  Fannar (Elf:1)
  A yaktaur captain (Vaults:1)
  3 great orbs of eyes
  24 hydras
  Harold (Lair:2)
  20 death yaks
  26 naga warriors
  4 ice dragons
  2 rakshasas (Vaults:2)
  Erica (Lair:4)
  5 alligators
  6 ogre magi
  10 anacondas
  12 dancing weapons (Elf:2)
  An anaconda (shapeshifter) (Vaults:2)
  A catoblepas (Lair:6)
  2 deep troll earth magi
  A tengu warrior (D:15)
  10 naga sharpshooters
  10 centaur warriors
  The ghost of McCoppin the Carver, an experienced OpSu (D:12)
  9 orc high priests
  A vampire mage (D:15)
  3 shock serpents
  3 fire crabs
  27 deep elf knights
  20 skeletal warriors
  Erolcha (D:10)
  A shadow wraith (Vaults:3)
  4 hell knights (Vaults:2)
  An unseen horror (shapeshifter) (Vaults:2)
  4 deep trolls
  2 flayed ghosts
  5 deep elf summoners
  4 ironbrand convokers
  An unseen horror (D:14)
  A quicksilver dragon simulacrum (Crypt:1)
  7 sea snakes
  16 swamp dragons
  6 naga ritualists
  2 giant orange brains
  3 ice statues
  A shambling mangrove (Swamp:5)
  13 hill giants
  14 deep elf conjurers
  A tengu zombie (D:15)
  17 orc knights
  4 wolf spiders
  A lindwurm (Lair:7)
  A hornet (Vaults:2)
  12 mana vipers
  A shadow dragon skeleton (Crypt:1)
  A frost giant zombie (D:15)
  7 necromancers
  21 ugly things
  10 salamanders
  3 griffons
  36 slime creatures
  A salamander (shapeshifter) (D:15)
  2 oklob plants
  5 orc sorcerers
  3 manticores
  7 guardian serpents
  An iron dragon skeleton (Crypt:1)
  13 elephants
  A frost giant skeleton (Crypt:1)
  A centaur zombie (D:15)
  3 phantasmal warriors
  11 cyclopes
  2 rust devils
  A small abomination (Elf:1)
  33 black mambas
  3 gargoyles
  6 vault sentinels
  15 naga magi
  A torpor snail (Lair:7)
  A black mamba (shapeshifter) (Vaults:3)
  A yaktaur (shapeshifter) (Elf:1)
  A spriggan zombie (D:15)
  An alligator snapping turtle zombie (Crypt:1)
  22 spiny frogs
  2 komodo dragons
  3 fire drakes
  A demonic crawler (Elf:3)
  20 yaktaurs
  11 deep elf priests
  The ghost of MDvedh the Magician, an experienced DEFi of Vehumet (D:6)
  A wandering mushroom (D:13)
  3 tengu conjurers (D:15)
  A blue devil (Orc:4)
  6 trolls
  14 blink frogs
  12 giant leeches
  Sonja (D:10)
  11 freezing wraiths
  A polar bear (Lair:6)
  14 ravens
  A hydra skeleton (Crypt:1)
  3 baby alligators (Swamp:2)
  A raiju (shapeshifter) (Vaults:3)
  11 two-headed ogres
  12 bog bodies
  A trapdoor spider (D:14)
  A trapdoor spider zombie (Crypt:1)
  A baby alligator (shapeshifter) (D:15)
  2 tarantellas
  7 spriggans
  A basilisk (Lair:6)
  A redback (Elf:3)
  5 shadows
  10 wyverns
  4 vampires
  5 wraiths
  A fire dragon skeleton (D:15)
  5 humans (Lair:1)
  A black mamba skeleton (Crypt:1)
  A steam dragon (D:9)
  A chaos spawn (Elf:2)
  40 deep elf magi
  27 deep elf fighters
  A hill giant skeleton (D:13)
  22 hippogriffs
  44 yaks
  3 hogs (Snake:1)
  A golden eye (shapeshifter) (D:13)
  36 vampire mosquitoes
  22 wolves
  A mottled dragon (D:15)
  A soldier ant (shapeshifter) (Vaults:2)
  A soldier ant (D:11)
  2 hungry ghosts
  12 insubstantial wisps
  70 nagas
  26 swamp worms
  13 porcupines
  5 wargs
  42 water moccasins
  12 swamp drakes
  An alligator simulacrum (IceCv)
  A necrophage (Crypt:1)
  5 sky beasts
  2 phantoms
  2 black bears
  58 orc warriors
  2 swamp dragon zombies
  A tengu (shapeshifter) (Vaults:2)
  14 centaurs
  5 boggarts (Vaults:2)
  2 boring beetles
  15 ice beasts
  20 crocodiles
  8 wasps
  28 ogres
  Sigmund (Lair:1)
  5 big kobolds
  17 giant frogs
  2 water moccasin zombies
  A water moccasin skeleton (D:10)
  2 wyvern zombies (D:11)
  A wyvern skeleton (D:13)
  2 scorpions
  A manticore simulacrum (Crypt:1)
  A human simulacrum (Vaults:2)
  11 killer bees
  A swamp dragon simulacrum (IceCv)
  An oklob sapling (D:10)
  3 electric eels (Snake:1)
  A draconian simulacrum (IceCv)
  2 elephant simulacra (IceCv)
  2 wights
  17 hounds
  9 centaur skeletons
  A goliath beetle (D:7)
  11 crimson imps
  4 giant frog zombies
  4 jellies
  40 orc priests
  7 iguanas
  A soldier ant zombie (Crypt:1)
  A giant frog skeleton (D:9)
  39 orc wizards
  2 spriggan simulacra (IceCv)
  8 worker ants
  24 sheep
  A troll simulacrum (IceCv)
  Ijyb (Lair:1)
  A killer bee zombie (D:8)
  3 centaur simulacra (IceCv)
  5 mummies
  3 naga simulacra (IceCv)
  51 river rats
  5 ogre simulacra (IceCv)
  5 gnolls
  2 giant mites
  10 shadow imps
  15 white imps
  27 adders
  A worm (D:2)
  2 adder zombies
  An orc zombie (Orc:4)
  3 adder skeletons
  9 giant geckos
  3 oozes
  273 orcs
  A bat skeleton (D:4)
  27 goblins
  20 hobgoblins
  19 jackals
  20 kobolds
  10 quokkas
  9 ball pythons
  16 bats
  4 giant cockroaches
  9 giant newts
  A giant spore (D:9)
  A jackal skeleton (D:3)
  A kobold zombie (D:7)
  13 rats
  3 ballistomycetes (D:9)
  A bush (D:10)
  2 fungi (Lair:2)
  8 plants
2157 creatures vanquished.

Vanquished Creatures (collateral kills)
  2 greater nagas (Snake:5)
  An orc warlord (Orc:4)
  A deep elf demonologist (Elf:1)
  A deep elf high priest (Elf:1)
  2 naga warriors (Snake:5)
  A hydra (Swamp:5)
  4 dancing weapons (Elf:2)
  A naga sharpshooter (Snake:5)
  A death yak (Lair:4)
  A soul eater (Elf:1)
  2 deep elf knights
  A hill giant (D:11)
  An orc knight (Orc:4)
  An orc sorcerer (Orc:4)
  A salamander (Snake:5)
  4 naga magi (Snake:5)
  A spiny frog (Lair:5)
  A blue devil (Elf:1)
  A giant leech (Swamp:5)
  3 yaks (Lair:7)
  4 deep elf fighters (Elf:2)
  A swamp worm (Swamp:5)
  11 nagas (Snake:5)
  A porcupine (Lair:4)
  2 orc warriors
  7 wights
  An orc priest (Orc:4)
  5 hell rats (Lair:5)
  5 orc wizards (Orc:4)
  10 orc zombies (Orc:4)
  7 orcs (Orc:4)
  A kobold (D:10)
86 creatures vanquished.

Vanquished Creatures (others)
  A stone giant (Orc:4)
  A very ugly thing (Swamp:3)
  An ogre mage (Vaults:1)
  A deep elf knight (Elf:1)
  2 hill giants
  An orc knight (Vaults:3)
  A troll (Elf:1)
  A human (Snake:1)
  A vampire mosquito (Vaults:1)
  An orc warrior (Vaults:3)
  A boggart (Vaults:2)
  An ogre (Vaults:1)
  3 draconian simulacra (IceCv)
  A troll simulacrum (IceCv)
  A centaur simulacrum (IceCv)
  3 sheep
  3 orcs
  A bat (D:9)
  A briar patch (Swamp:2)
  14 fungi
  6 plants
46 creatures vanquished.

Grand Total: 2289 creatures vanquished

Notes
Turn   | Place    | Note
--------------------------------------------------------------
     0 | D:1      | Zapata, the Kobold Berserker, began the quest for the Orb.
     0 | D:1      | Reached XP level 1. HP: 14/14 MP: 1/1
   256 | D:1      | Reached XP level 2. HP: 12/19 MP: 2/2
   770 | D:1      | Reached skill level 4 in Maces & Flails
   770 | D:1      | Reached XP level 3. HP: 16/23 MP: 3/3
  1821 | D:2      | Acquired Trog's second power
  1823 | D:2      | Reached XP level 4. HP: 28/28 MP: 4/4
  1998 | D:2      | Reached skill level 5 in Maces & Flails
  2210 | D:2      | Reached XP level 5. HP: 32/32 MP: 5/5
  2302 | D:2      | Found a glowing golden altar of the Shining One.
  2302 | D:2      | Found an opulent altar of Gozag.
  2915 | D:4      | Reached skill level 6 in Maces & Flails
  2925 | D:4      | Reached XP level 6. HP: 24/37 MP: 6/6
  2943 | D:4      | Found a staircase to the Ecumenical Temple.
  3350 | D:4      | Found Trynkay's Gadget Emporium.
  3575 | D:4      | Acquired Trog's third power
  3930 | D:4      | Reached skill level 7 in Maces & Flails
  3930 | D:4      | Reached XP level 7. HP: 41/41 MP: 7/7
  4090 | D:5      | Entered Level 5 of the Dungeon
  4235 | D:5      | Found a stormy altar of Qazlal.
  4315 | D:5      | Reached skill level 8 in Maces & Flails
  4970 | D:6      | Reached XP level 8. HP: 33/46 MP: 8/8
  5054 | D:6      | Noticed MDvedh's ghost (experienced DEFi)
  5062 | D:6      | Killed MDvedh's ghost
  5062 | D:6      | Reached skill level 9 in Maces & Flails
  5119 | D:6      | Reached skill level 5 in Stealth
  5318 | D:6      | Reached skill level 10 in Maces & Flails
  5318 | D:6      | Reached XP level 9. HP: 44/51 MP: 9/9
  5364 | D:6      | Found a deep blue altar of Sif Muna.
  5752 | D:7      | Reached skill level 11 in Maces & Flails
  6495 | D:7      | Received a gift from Trog
  7325 | D:8      | Reached skill level 12 in Maces & Flails
  7667 | D:8      | Got a dazzling ring mail
  7678 | D:8      | Identified the +2 ring mail of the Hills {rCorr Str+3} (You found it on level 8 of the Dungeon)
  8022 | D:8      | Reached XP level 10. HP: 53/56 MP: 10/10
  8061 | D:8      | Noticed a three-headed hydra
  8064 | D:8      | Reached skill level 13 in Maces & Flails
  8069 | D:8      | Killed a three-headed hydra
  8431 | D:9      | Found a shadowy altar of Dithmenos.
  8435 | D:9      | Reached skill level 14 in Maces & Flails
  8550 | D:9      | Found an ancient bone altar of Kikubaaqudgha.
  8704 | D:9      | Found a staircase to the Lair.
  8870 | D:9      | Found a staircase to the Orcish Mines.
  9121 | D:10     | Entered Level 10 of the Dungeon
  9122 | D:10     | Reached skill level 5 in Fighting
  9169 | D:10     | Reached XP level 11. HP: 56/63 MP: 11/11
  9183 | D:10     | Reached skill level 5 in Dodging
  9204 | D:10     | Noticed a hill giant
  9211 | D:10     | Killed a hill giant
  9596 | D:10     | Noticed Sonja
  9607 | D:10     | Killed Sonja
  9636 | D:10     | Received a gift from Trog
  9766 | D:10     | Noticed Erolcha
  9768 | D:10     | Killed Erolcha
  9983 | D:10     | Noticed a gargoyle
 10108 | D:10     | Killed a gargoyle
 10145 | D:10     | Found a blossoming altar of Fedhas.
 10378 | D:10     | Noticed an oklob plant
 10540 | D:10     | Killed an oklob plant
 10907 | D:11     | Noticed a hill giant
 10916 | D:11     | Killed a hill giant
 11002 | D:11     | Noticed a hill giant
 11032 | D:11     | Killed a hill giant
 11116 | D:11     | Found a frozen archway.
 11116 | D:11     | Noticed an ice statue
 11125 | D:11     | Killed an ice statue
 11125 | D:11     | Reached XP level 12. HP: 72/76 MP: 12/12
 11134 | IceCv    | Entered an ice cave
 11335 | IceCv    | Reached skill level 10 in Dodging
 11372 | IceCv    | Reached skill level 10 in Fighting
 12529 | IceCv    | Found an ancient bone altar of Kikubaaqudgha.
 12889 | D:11     | Noticed a white ugly thing
 12901 | D:11     | Killed a white ugly thing
 13157 | D:11     | Noticed a cyclops
 13157 | D:11     | Noticed a hill giant
 13164 | D:11     | Killed a hill giant
 13172 | D:11     | Killed a cyclops
 13189 | D:11     | Noticed a red ugly thing
 13202 | D:11     | Killed a red ugly thing
 13276 | D:11     | Received a gift from Trog
 13635 | D:12     | Reached XP level 13. HP: 84/84 MP: 13/13
 13712 | D:12     | Noticed McCoppin's ghost (experienced OpSu)
 13721 | D:12     | Killed McCoppin's ghost
 14118 | D:11     | Noticed a seven-headed hydra
 14129 | D:11     | Killed a seven-headed hydra
 14479 | Lair:1   | Entered Level 1 of the Lair of Beasts
 14492 | Lair:1   | Reached skill level 5 in Armour
 14810 | Lair:1   | Reached skill level 1 in Crossbows
 15032 | Lair:1   | Noticed Ijyb
 15032 | Lair:1   | Noticed Sigmund
 15054 | Lair:1   | Killed Ijyb
 15057 | Lair:1   | Killed Sigmund
 15306 | Lair:1   | Received a gift from Trog
 15541 | Lair:2   | Reached skill level 5 in Crossbows
 15686 | Lair:2   | Noticed Harold
 15701 | Lair:2   | Killed Harold
 15701 | Lair:2   | Received a gift from Trog
 17339 | Lair:3   | Received a gift from Trog
 17458 | Lair:4   | Reached XP level 14. HP: 92/92 MP: 14/14
 17858 | Lair:4   | Found a staircase to the Snake Pit.
 18515 | Lair:4   | Noticed Erica
 18523 | Lair:4   | Killed Erica
 19422 | Lair:5   | Received a gift from Trog
 20043 | Lair:5   | Received a gift from Trog
 20381 | Lair:6   | Received a gift from Trog
 20741 | Lair:6   | Found a staircase to the Swamp.
 21183 | Lair:6   | Reached XP level 15. HP: 100/100 MP: 15/15
 21238 | Lair:6   | Received a gift from Trog
 21679 | Lair:7   | Received a gift from Trog
 21890 | Lair:7   | Noticed Snorg
 21903 | Lair:7   | Killed Snorg
 21903 | Lair:7   | Reached skill level 15 in Dodging
 21948 | Lair:7   | Received a gift from Trog
 23216 | Lair:8   | Entered Level 8 of the Lair of Beasts
 23423 | Lair:8   | Received a gift from Trog
 23740 | Lair:8   | Reached skill level 15 in Fighting
 23746 | Lair:8   | Received a gift from Trog
 23987 | Lair:8   | Reached skill level 16 in Dodging
 24578 | Lair:8   | Reached XP level 16. HP: 108/108 MP: 16/16
 25457 | Orc:1    | Entered Level 1 of the Orcish Mines
 25602 | Orc:1    | Found Haskall's Quality Used Wands.
 26014 | Orc:1    | Received a gift from Trog
 26081 | Orc:1    | Received a gift from Trog
 26290 | Orc:2    | Received a gift from Trog
 26540 | Orc:2    | Found a roughly hewn altar of Beogh.
 26699 | Orc:3    | Found a staircase to the Elven Halls.
 26873 | Orc:3    | Received a gift from Trog
 27442 | Orc:4    | Entered Level 4 of the Orcish Mines
 27663 | Orc:4    | Received a gift from Trog
 27688 | Orc:4    | Found a flickering gateway to a bazaar.
 27807 | Bazaar   | Entered a bazaar
 27832 | Bazaar   | Found Haez's Gadget Shop.
 27862 | Bazaar   | Found Socvot's Gadget Shop.
 27896 | Bazaar   | Found Braf's Distillery.
 27918 | Bazaar   | Found Psaenorch's Distillery.
 27929 | Bazaar   | Bought a potion of cure mutation for 420 gold pieces
 27953 | Bazaar   | Bought a potion of heal wounds for 45 gold pieces
 27953 | Bazaar   | Bought a potion of cancellation for 72 gold pieces
 27953 | Bazaar   | Bought a potion of cancellation for 72 gold pieces
 27953 | Bazaar   | Bought a potion of curing for 27 gold pieces
 27953 | Bazaar   | Bought a potion of curing for 27 gold pieces
 27974 | Bazaar   | Bought a potion of restore abilities for 60 gold pieces
 27974 | Bazaar   | Bought a potion of restore abilities for 60 gold pieces
 28093 | Orc:4    | Received a gift from Trog
 28147 | Orc:4    | Reached skill level 17 in Dodging
 28393 | Orc:4    | Received a gift from Trog
 28420 | Orc:4    | Found Smekir's Antique Armour Shoppe.
 28427 | Orc:4    | Found Unkedoc's General Store.
 28496 | Orc:4    | Found Raemmair's Jewellery Emporium.
 28598 | Orc:4    | Found Afuyrphul's Antique Weapon Shoppe.
 28623 | Orc:4    | Bought a distressingly furry plate armour for 1036 gold pieces
 28624 | Orc:4    | Bought a smoking short sword for 232 gold pieces
 28634 | Orc:4    | Identified the +5 plate armour of Jeimiy {rF+ Dex+4} (You bought it in a shop on level 4 of the Orcish Mines)
 28645 | Orc:4    | Bought a pair of runed gloves for 166 gold pieces
 28664 | Orc:4    | Identified the +4 short sword "Napsedei" {venom, Stlth+} (You bought it in a shop on level 4 of the Orcish Mines)
 28822 | Orc:4    | Received a gift from Trog
 29052 | Elf:1    | Entered Level 1 of the Elven Halls
 29102 | Elf:1    | Found a radiant altar of Vehumet.
 29516 | Elf:1    | Received a gift from Trog
 29520 | Elf:1    | Noticed Nikola
 29819 | Elf:1    | Found Klubir's Book Shoppe.
 29877 | Elf:1    | Killed Nikola
 30182 | Elf:1    | Got a slimy falchion {god gift}
 30194 | Elf:1    | Found Jaomn's Distillery.
 30270 | Elf:1    | Found a deep blue altar of Sif Muna.
 30341 | Elf:1    | Got a crude robe
 30352 | Elf:1    | Identified the +1 robe "Gaigeb" {Str+3} (You took it off a deep elf fighter on level 1 of the Elven Halls)
 30518 | Elf:1    | Found Wuhain's Weapon Emporium.
 30592 | Elf:1    | Found Klaonki's Weapon Shop.
 30799 | Elf:1    | Noticed Fannar
 30828 | Elf:1    | Killed Fannar
 30828 | Elf:1    | Reached skill level 5 in Shields
 30828 | Elf:1    | Reached XP level 17. HP: 116/116 MP: 5/17
 30850 | Elf:1    | Received a gift from Trog
 30943 | Elf:1    | Noticed a Brimstone Fiend
 31003 | Elf:1    | Got a distressingly furry scale mail
 31241 | Elf:1    | Identified the cursed -3 scale mail of Daisies {Contam +Inv Str+3 Int+5} (You took it off a deep elf high priest on level 1 of the Elven Halls)
 31648 | Elf:2    | Found a runed gate.
 31648 | Elf:2    | Found a runed gate.
 31648 | Elf:2    | Found a runed gate.
 32010 | Elf:2    | Received a gift from Trog
 32269 | Elf:2    | Noticed Roxanne
 32283 | Elf:2    | Killed Roxanne
 32719 | Elf:2    | Reached skill level 18 in Dodging
 32932 | Elf:2    | Received a gift from Trog
 33197 | Elf:3    | Entered Level 3 of the Elven Halls
 33209 | Elf:3    | Received a gift from Trog
 33307 | Elf:3    | Received a gift from Trog
 33361 | Elf:3    | Received a gift from Trog
 33964 | Elf:3    | Noticed a deep elf blademaster
 34257 | Snake:1  | Entered Level 1 of the Snake Pit
 34423 | Snake:1  | Noticed Aizul
 34447 | Snake:1  | Killed Aizul
 34451 | Snake:1  | Received a gift from Trog
 35168 | D:13     | Reached XP level 18. HP: 124/124 MP: 6/18
 35213 | D:13     | Reached skill level 19 in Dodging
 35436 | D:13     | Received a gift from Trog
 35985 | D:14     | Received a gift from Trog
 36150 | D:14     | Found a gate to the Vaults.
 36241 | D:14     | Found a stormy altar of Qazlal.
 36303 | D:14     | Found Weinij's Assorted Antiques.
 36306 | D:14     | Bought a pitted bronze ring for 75 gold pieces
 36306 | D:14     | Bought a scroll of identify for 30 gold pieces
 36306 | D:14     | Bought a scroll of recharging for 142 gold pieces
 36306 | D:14     | Bought a scroll of magic mapping for 52 gold pieces
 36308 | D:14     | Identified the ring "Oxoicis" {Wiz Int+4} (You bought it in a shop on level 14 of the Dungeon)
 36653 | D:15     | Entered Level 15 of the Dungeon
 36736 | D:15     | Found a staircase to the Depths.
 36955 | D:15     | Received a gift from Trog
 37422 | D:15     | Reached skill level 20 in Dodging
 38218 | Snake:1  | Noticed Asterion
 38229 | Snake:1  | Killed Asterion
 38507 | Snake:1  | Found Goaj's General Store.
 38515 | Snake:1  | Bought 3 scrolls of teleportation for 171 gold pieces
 38941 | Snake:1  | Noticed Kirke
 38952 | Snake:1  | Killed Kirke
 38983 | Snake:1  | Received a gift from Trog
 39023 | Snake:1  | Reached XP level 19. HP: 127/133 MP: 6/18
 39756 | Snake:2  | Noticed Agnes
 39768 | Snake:2  | Killed Agnes
 39768 | Snake:2  | Received a gift from Trog
 39853 | Snake:2  | Found Ceul's Assorted Antiques.
 40295 | Snake:2  | Bought a blackened bronze wand for 144 gold pieces
 40295 | Snake:2  | Bought a potion of heal wounds for 180 gold pieces
 40314 | Snake:2  | Noticed Rupert
 40322 | Snake:2  | Killed Rupert
 40407 | Snake:2  | Noticed Vashnia
 40422 | Snake:2  | Reached skill level 21 in Dodging
 40449 | Snake:2  | Killed Vashnia
 40924 | Snake:2  | Received a gift from Trog
 41443 | Snake:3  | Got a translucent pewter ring
 42605 | Snake:4  | Received a gift from Trog
 43349 | Snake:4  | Reached XP level 20. HP: 122/142 MP: 6/19
 43552 | Snake:5  | Entered Level 5 of the Snake Pit
 43562 | Snake:5  | Found Khoorchew's Assorted Antiques.
 43572 | Snake:5  | Bought a scroll of identify for 76 gold pieces
 43573 | Snake:5  | Identified the ring "Sinkeg" {SustAb Dex+3} (You found it on level 3 of the Snake Pit)
 43674 | Snake:5  | Noticed Norris
 43683 | Snake:5  | Killed Norris
 43683 | Snake:5  | Reached skill level 22 in Dodging
 44494 | Snake:5  | Received a gift from Trog
 45457 | Snake:5  | Received a gift from Trog
 45468 | Snake:5  | Got a serpentine rune of Zot
 46057 | Swamp:1  | Entered Level 1 of the Swamp
 46911 | Swamp:2  | Received a gift from Trog
 46928 | Swamp:2  | Got a brightly glowing short sword {god gift}
 46929 | Swamp:2  | Identified the +7 short sword "Nufeuph" {flame, Str+3} (Trog gifted it to you on level 2 of the Swamp)
 47143 | Swamp:2  | Reached skill level 23 in Dodging
 47156 | Swamp:2  | Noticed Louise
 47169 | Swamp:2  | Killed Louise
 47231 | Swamp:2  | Noticed Saint Roka
 47266 | Swamp:2  | Killed Saint Roka
 47266 | Swamp:2  | Reached XP level 21. HP: 111/150 MP: 6/20
 48354 | Swamp:3  | Noticed Mara
 48357 | Swamp:3  | Noticed Zapata's illusion
 48375 | Swamp:3  | Killed Mara
 48891 | Swamp:4  | Received a gift from Trog
 49647 | Swamp:4  | Received a gift from Trog
 49823 | Swamp:5  | Entered Level 5 of the Swamp
 50134 | Swamp:5  | Noticed the 27-headed Lernaean hydra
 51527 | Swamp:5  | Killed the 27-headed Lernaean hydra
 51570 | Swamp:5  | Received a gift from Trog
 51818 | Swamp:5  | Got a decaying rune of Zot
 52707 | Orc:4    | Bought a +2 ring of slaying for 378 gold pieces
 53072 | Vaults:1 | Entered Level 1 of the Vaults
 53131 | Vaults:1 | Received a gift from Trog
 53687 | Vaults:1 | Reached skill level 10 in Armour
 53695 | Vaults:1 | Reached XP level 22. HP: 157/157 MP: 6/20
 53907 | Vaults:1 | Received a gift from Trog
 54026 | Vaults:1 | Received a gift from Trog
 54235 | Vaults:1 | Received a gift from Trog
 54683 | Vaults:2 | Noticed Donald
 54698 | Vaults:2 | Killed Donald
 54999 | Vaults:2 | Noticed Margery
 55010 | Vaults:2 | Killed Margery
 55188 | Vaults:2 | Received a gift from Trog
 55707 | Vaults:2 | Received a gift from Trog
 56866 | Vaults:3 | Reached skill level 24 in Dodging
 57113 | Vaults:3 | Found a staircase to the Crypt.
 57188 | Vaults:3 | Received a gift from Trog
 57255 | Vaults:3 | Reached XP level 23. HP: 153/164 MP: 7/21
 57290 | Vaults:3 | Received a gift from Trog
 58571 | Snake:5  | Bought a glowing morningstar for 152 gold pieces
 59196 | D:2      | Fell from the grace of Trog
 59196 | D:2      | Became a worshipper of the Shining One
 60065 | Crypt:1  | Entered Level 1 of the Crypt
 60106 | Crypt:1  | Noticed Sojobo
 60128 | Crypt:1  | Reached skill level 1 in Evocations
 60142 | Crypt:1  | Killed Sojobo
 60382 | Crypt:1  | Acquired the Shining One's first power
 60712 | Crypt:1  | Acquired the Shining One's second power
 60761 | Crypt:1  | Reached skill level 5 in Evocations
 60789 | Crypt:1  | Noticed Khufu
 60804 | Crypt:1  | Killed Khufu
 60804 | Crypt:1  | Reached skill level 15 in Maces & Flails
 60855 | Crypt:1  | Slain by a deep troll

Action                   |  1- 3 |  4- 6 |  7- 9 | 10-12 | 13-15 | 16-18 | 19-21 | 22-24 || total
-------------------------+-------+-------+-------+-------+-------+-------+-------+-------++-------
Melee: Mace              |    71 |   202 |   132 |       |       |       |       |       ||   405
       Whip              |       |       |    23 |       |       |       |       |       ||    23
       Flail             |       |       |   138 |   547 |  1312 |   533 |       |       ||  2530
       Demon whip        |       |       |       |       |       |  1157 |  1689 |   773 ||  3619
       Morningstar       |       |       |       |       |       |       |       |   154 ||   154
 Fire: Hand crossbow     |       |       |       |       |       |    10 |    30 |     5 ||    45
Invok: Berserk           |     2 |     4 |     8 |    13 |    16 |    10 |     9 |     4 ||    66
       Burn Spellbooks   |       |       |       |     2 |     4 |     3 |     4 |     1 ||    14
       Brothers in Arms  |       |       |       |     2 |     3 |     6 |     4 |       ||    15
       Trog's Hand       |       |       |       |       |       |     1 |       |       ||     1
 Abil: Evoke Flight      |       |       |       |       |     2 |     3 |       |       ||     5
       Evoke Invisibilit |       |       |       |       |       |       |     1 |       ||     1
       Evoke Berserk Rag |       |       |       |       |       |       |       |     1 ||     1
Evoke: Wand              |       |       |       |     8 |     2 |     5 |       |       ||    15
  Use: Scroll            |       |       |    10 |     4 |     6 |    20 |     8 |    15 ||    63
       Potion            |       |       |     1 |       |       |     6 |     3 |     2 ||    12
 Stab: Distracted        |     1 |       |       |     1 |     2 |     5 |     5 |     2 ||    16
       Sleeping          |       |     1 |    15 |    17 |    27 |    22 |    12 |     2 ||    96
  Eat: Chunk             |     8 |     7 |    22 |    22 |    43 |    37 |    41 |    28 ||   208
       Meat ration       |       |       |     1 |     1 |     1 |     3 |     2 |     1 ||     9
       Beef jerky        |       |       |       |     1 |       |       |       |       ||     1
